 Dungeon Crawl Stone Soup version 0.18.1-48-g4cf74bf (webtiles) character file.

36 mjk the Ducker (level 3, 0/17 HPs)
             Began as a Felid Berserker on Sept 5, 2016.
             Was a Believer of Trog.
             Slain by an orc
             ... wielding a +0 flail
              (8 damage)
             ... on level 3 of the Dungeon on Sept 6, 2016.
             The game lasted 00:14:19 (1001 turns).

mjk the Ducker (Felid Berserker)                    Turns: 1001, Time: 00:14:20

Health: 0/17       AC:  1    Str: 14    XL:     3   Next: 19%
Magic:  4/4        EV: 20    Int:  8    God:    Trog [**....]
Gold:   55         SH:  0    Dex: 15    Spells: 0 memorised, 2 levels left
                                        Lives:  0   Deaths: 0

rFire  . . .     SeeInvis +       - Unarmed
rCold  . . .     Gourm    .     (armour unavailable)
rNeg   . . .     Faith    .     (shield unavailable)
rPois  .         Spirit   .     (helmet unavailable)
rElec  .         Dismiss  .     (cloak unavailable)
rCorr  .         Reflect  .     (gloves unavailable)
SustAt .         Harm     .     (boots unavailable)
MR     .....                    (no amulet)
Stlth  ++........               (no ring)
                                (no ring)

@: lethally poisoned (0 -> -7), quick, not resistant to hostile enchantments,
unstealthy
A: no armour, no weapons or thrown items, claws 1, fangs 3, see invisible,
carnivore 3, speed 1, shaggy fur 1, slow metabolism 1, sharp paws
a: Berserk, Trog's Hand, Burn Spellbooks, Renounce Religion


You were on level 3 of the Dungeon.
You worshipped Trog.
Trog was pleased with you.
You were very full.

You visited 1 branch of the dungeon, and saw 3 of its levels.

You collected 55 gold pieces.

Inventory:

Wands
 g - a wand of iceblast (6/15)
Scrolls
 a - 2 scrolls of remove curse {unknown}
 c - 2 scrolls of magic mapping {unknown}
 e - a scroll of immolation {unknown}
 f - a scroll of enchant weapon {unknown}
Potions
 d - 2 potions of curing {unknown}
Comestibles
 b - 4 meat rations


   Skills:
 + Level 3.3 Fighting
 + Level 4.9 Dodging
 + Level 1.1 Stealth
 + Level 3.3 Unarmed Combat


You had 2 spell levels left.
You didn't know any spells.

Dungeon Overview and Level Annotations

Branches:
Dungeon (3/15)

Altars:
Pakellas


Innate Abilities, Weirdness & Mutations

You cannot wear armour.
You are incapable of wielding weapons or throwing items.
You have sharp claws.
You have razor-sharp teeth.
You have supernaturally acute eyesight.
You are carnivorous and can eat meat at any time.
You cover ground quickly.
You are covered in fur (AC +1).
You have a slow metabolism.
Your sharp claws are effective at attacking unaware monsters.


Message History

The kobold shoots a poisoned needle.
The poisoned needle hits you.
You are poisoned.
You see here a poisoned needle.
You feel sick.
The kobold shoots a poisoned needle.
The poisoned needle misses you. The orc barely misses you.
A giant newt comes into view.
A rat comes into view.
You feel sick.
The kobold unwields an uncursed blowgun.
The kobold wields an uncursed short sword.
The kobold closely misses you.
You scratch the kobold.
The kobold is moderately wounded.
The orc hits you with a flail. The kobold completely misses you.
You scratch the kobold.
You kill the kobold!
Trog accepts your kill. The orc hits you with a flail!
You die...

..........
...........#
##......^....
............
#.r........#
#.....l.....
##.).......<#
#####..@.........
#.)....o.....)..#
#.......(#######.
#........#
#<.....(.#
##########


You could see an orc, a giant newt and a rat.

Vanquished Creatures
  An adder (D:2)
  A worm (D:2)
  A dart slug (D:1)
  2 giant cockroaches
  2 goblins
  4 hobgoblins
  3 bats
  A giant newt (D:2)
  2 kobolds
  7 rats
24 creatures vanquished.

Notes
Turn   | Place    | Note
--------------------------------------------------------------
     0 | D:1      | mjk the Felid Berserker began the quest for the Orb.
     0 | D:1      | Reached XP level 1. HP: 10/10 MP: 2/2
   510 | D:1      | Reached XP level 2. HP: 11/14 MP: 3/3
   848 | D:2      | Found an oddly glowing altar of Pakellas.
   897 | D:2      | Reached XP level 3. HP: 12/17 MP: 4/4
   978 | D:3      | Reached ** piety under Trog
   978 | D:3      | Reached skill level 1 in Stealth
  1001 | D:3      | Slain by an orc

Skill      XL: |  1  2  3 |
---------------+----------+-----
Stealth        | 1 |  1.1
Fighting       | |  3.3
Dodging        | |  4.9
Unarmed Combat | |  3.3

Action                   || total
-------------------------++-------
Melee: Unarmed           ||    57
       Bite              ||     5
Invok: Berserk           ||     2
 Stab: Sleeping          ||     4
  Eat: Meat ration       ||     1
       Royal jelly       ||     1
Armor: Skin              ||     3
Dodge: Dodged            ||    49
